 Dungeon Crawl Stone Soup version 0.28.0-53-g5a82cb258f (webtiles) character file.

Game seed: 16901290274590532391

28616 Peloso the Peltast (level 13, -6/116 HPs)
             Began as a Minotaur Fighter on June 7, 2022.
             Was a High Priest of Okawaru.
             Mangled by a gargoyle
             ... wielding a +0 flail
              (9 damage)
             ... in a Gauntlet.
             The game lasted 00:42:24 (18195 turns).

Peloso the Peltast (Minotaur Fighter)              Turns: 18195, Time: 00:42:25

Health: -6/116     AC: 26    Str: 25    XL:     13   Next: 10%
Magic:  23/23      EV:  8    Int:  5    God:    Okawaru [*****.]
Gold:   927        SH: 19    Dex: 19    Spells: 12/12 levels left

rFire   . . .      SeeInvis .   a - +3 long sword (vorpal)
rCold   . . .      Faith    .   c - +0 kite shield
rNeg    . . .      Spirit   .   y - +4 plate armour
rPois   .          Reflect  +   T - +2 hat of Okawaru's Regard {Dex+3}
rElec   .          Harm     .   F - +0 cloak
rCorr   .          Rampage  .   x - +2 pair of gloves
Will    +....      NoTele   +   (no boots)
Stlth   ..........              s - amulet of reflection
HPRegen 0.29/turn               g - ring "Oduses" {MP+9 Str+2 Dex+3}
MPRegen 0.18/turn               H - ring of willpower

@: mighty
A: horns 2, retaliatory headbutt
a: Renounce Religion, Heroism, Finesse, Duel


You were in a Gauntlet.
You worshipped Okawaru.
Okawaru was extremely pleased with you.
You visited 3 branches of the dungeon, and saw 15 of its levels.
You also visited: Bailey and Gauntlet.

You collected 927 gold pieces.

Inventory:

Hand Weapons
 a - a +3 vorpal long sword (weapon)
 b - a +0 whip of flaming
 t - a +0 hand crossbow
Missiles
 u - 94 bolts
 B - 3 throwing nets (quivered)
Armour
 c - a +0 kite shield (worn)
 f - a +1 hat
 x - a +2 pair of gloves (worn)
 y - a +4 plate armour (worn)
 E - +0 gold dragon scales
 F - a +0 cloak (worn)
 T - the +2 hat of Okawaru's Regard (worn) {Dex+3}
   (Okawaru gifted it to you on level 2 of the Lair of Beasts)

   Dex:       It affects your dexterity (+3).
Jewellery
 g - the ring "Oduses" (left hand) {MP+9 Str+2 Dex+3}
   (You found it on level 10 of the Dungeon)

   [ring of magical power]

   Str:       It affects your strength (+2).
   Dex:       It affects your dexterity (+3).
   MP:        It affects your magic capacity (+9).
 i - a ring of positive energy
 q - an amulet of guardian spirit
 r - a ring of see invisible
 s - an amulet of reflection (around neck)
 v - the ring of Opsips {rC+ SInv}
   (You found it in a Gauntlet)

   [ring of see invisible]

   rC:        It protects you from cold.
   SInv:      It lets you see invisible.
 A - a +6 ring of intelligence
 G - an amulet of the acrobat
 H - a ring of willpower (right hand)
 K - the ring "Uppini Qel" {rPois rF++ rC+ Dex+6 Slay-2}
   (You found it on level 7 of the Dungeon)

   [ring of dexterity]

   Dex:       It affects your dexterity (+6).
   Slay:      It affects your accuracy & damage with ranged weapons and melee
   (-2).
   rF:        It greatly protects you from fire.
   rC:        It protects you from cold.
   rPois:     It protects you from poison.
 R - a ring of poison resistance
Wands
 n - a wand of polymorph (3)
 p - a wand of digging (9)
 J - a wand of iceblast (3)
 P - a wand of flame (22)
Scrolls
 h - a scroll of holy word
 k - a scroll of acquirement
 m - 4 scrolls of fog
 z - 3 scrolls of amnesia
 D - a scroll of magic mapping
 I - 3 scrolls of blinking
 O - 2 scrolls of immolation
 Q - 2 scrolls of enchant weapon
 U - a scroll of teleportation
 V - a scroll of silence
Potions
 d - 2 potions of might
 e - 4 potions of brilliance
 j - 4 potions of flight
 l - a potion of magic
 o - 2 potions of cancellation
 w - a potion of invisibility {unknown}
 C - a potion of haste {unknown}
 X - a potion of mutation
Miscellaneous
 L - a condenser vane
 M - a piece from Xom's chessboard (15/15)
 N - a tin of tremorstones (2/2)


   Skills:
 + Level 11.3 Fighting
 + Level 14.4 Long Blades
 + Level 11.7 Armour
 + Level 2.9 Dodging
 + Level 1.5 Stealth
 + Level 15.5 Shields
 + Level 1.0 Unarmed Combat
 + Level 3.1 Invocations
 + Level 2.2 Evocations


You had 12 spell levels left.
You didn't know any spells.
Your spell library contained the following spells:

 Spells                   Type           Power      Damage    Failure   Level
 Apportation              Tloc           0%         N/A       100%        1
 Magic Dart               Conj           0%         1d3       100%        1
 Sandblast                Erth           0%         2d4       100%        1
 Passwall                 Tmut/Erth      0%         N/A       100%        2
 Scorch                   Fire           0%         2d5       100%        2
 Confusing Touch          Hex            0%         N/A       100%        3
 Dazzling Flash           Conj/Hex       0%         N/A       100%        3
 Ignite Poison            Fire/Tmut/Pois 0%         N/A       100%        3
 Mephitic Cloud           Conj/Pois/Air  0%         N/A       100%        3
 Ozocubu's Armour         Ice            0%         N/A       100%        3
 Stone Arrow              Conj/Erth      0%         3d7       100%        3
 Flame Wave               Conj/Fire      0%         2d4       100%        4
 Iskenderun's Mystic Bla  Conj/Tloc      0%         2d3       100%        4
 Agony                    Necr           0%         N/A       100%        5
 Freezing Cloud           Conj/Ice/Air   0%         6-21      100%        5
 Metabolic Englaciation   Hex/Ice        0%         N/A       100%        5
 Silence                  Hex/Air        0%         N/A       100%        5
 Yara's Violent Unravell  Hex/Tmut       0%         3d3       100%        5
 Starburst                Conj/Fire      0%         6d3       100%        6
 Enfeeble                 Hex            0%         N/A       100%        7
 Animate Skeleton         Necr           Unusable   N/A       N/A         1
 Summon Small Mammal      Summ           Unusable   N/A       N/A         1
 Call Imp                 Summ           Unusable   N/A       N/A         2
 Simulacrum               Ice/Necr       Unusable   N/A       N/A         6
 Summon Cactus Giant      Summ           Unusable   N/A       N/A         6

Dungeon Overview and Level Annotations

Branches:
Dungeon (11/15)            Temple (1/1) D:5            Lair (3/6) D:8
    Orc (0/2) D:10         Bailey (visited)         Gauntlet (1/1)
  Swamp: Lair:2-4    Shoals: Lair:2-4     Snake: Lair:2-4    Spider: Lair:2-4

Altars:
Ashenzari
Dithmenos
Elyvilon
Fedhas
Gozag
Hepliaklqana
Kikubaaqudgha
Makhleb
Nemelex Xobeh
Okawaru
Qazlal
Ru
Sif Muna
Uskayaw
Vehumet
Wu Jian
Xom
Yredelemnul
Zin
The Shining One

Annotations:
Gauntlet 9 transporters


Innate Abilities, Weirdness & Mutations

You have a pair of horns on your head.
You reflexively headbutt those who attack you in melee.


Message History

* * * LOW HITPOINT WARNING * * *
Unknown command.
You feel better.
You feel like a meek peon again.
The gargoyle hurls a stone arrow at you.
The stone arrow reflects off an invisible shield around you!
The stone arrow hits the gargoyle!
You block the molten gargoyle's attack.
Unknown command.
Unknown command.
You cannot read scrolls in your current state!
Unknown command.
You closely miss the molten gargoyle.
The gargoyle hurls a stone arrow at you.
The stone arrow hits you!
* * * LOW HITPOINT WARNING * * *
The molten gargoyle hits you but does no damage.
Unknown command.
You hit the molten gargoyle.
The molten gargoyle is moderately damaged.
The gargoyle hurls a stone arrow at you.
The stone arrow reflects off an invisible shield around you!
The stone arrow hits the gargoyle!
You block the molten gargoyle's attack.
Unknown command.
You completely miss the molten gargoyle.
The molten gargoyle is moderately damaged.
You can read scrolls again.
Unknown command.
Okay, then.
You closely miss the molten gargoyle.
Your headbutt misses the molten gargoyle.
The molten gargoyle is moderately damaged.
The gargoyle hits you with a +0 flail.
* * * LOW HITPOINT WARNING * * *
The molten gargoyle hits you but does no damage.
Unknown command.
You barely miss the molten gargoyle.
Your headbutt misses the molten gargoyle.
The molten gargoyle is lightly damaged.
The gargoyle hits you with a +0 flail!
You die...

###########...###########..#...#
.!........§.§.............≈#.©.#.
..∩.......§≈8≈............∩#.....
............§.............≈#.©.##
###########...###########..#...#
##......^##...#.........#..#...#
#.#.....#.#...#.........#..#.8.#
#..#^..#..#####.)9.....)#..#...#
#...#^#...#...#.@......!#..#.8.#
#...©#...©#©.©#..9.©...©#..#...#
#...#^#...#...#........=#..#≈8≈#
#..#^..#..#####........!#..#####
#.#....^#.#...#.........#..###
##......^##.8.#.........#..#8#
###########...###########..###
...........................#
..........................≈#


You could see a molten gargoyle and a gargoyle.

Vanquished Creatures
  Snorg (D:11)
  Harold (D:11)
  An ogre mage (D:10)
  A catoblepas (Gauntlet)
  4 two-headed ogres
  A centaur warrior (D:11)
  A wretched star (Gauntlet)
  A glowing orange brain (D:11)
  An orc knight (D:10)
  Pikel (D:4)
  A deep elf pyromancer (D:7)
  A cyclops (D:7)
  Maurice (D:11)
  5 elephants
  Joseph (D:7)
  A molten gargoyle (Gauntlet)
  5 cane toads
  2 rime drakes
  An unseen horror (D:10)
  4 orange demons (D:10)
  2 red devils (D:10)
  A polar bear (Lair:1)
  2 trolls (D:7)
  A hornet (D:9)
  Prince Ribbit (D:6)
  4 blink frogs
  A water elemental (D:11)
  4 wraiths
  11 yaks
  A basilisk (D:8)
  5 wyverns
  5 vampire mosquitoes (D:10)
  2 neqoxecs (Gauntlet)
  A small abomination (Gauntlet)
  5 water moccasins
  4 acid dragons
  4 black bears
  17 orc warriors
  A sky beast (D:8)
  21 centaurs
  An ogre (D:4)
  A phantom (D:5)
  2 kobold brigands
  6 bullfrogs
  3 scorpions
  4 electric eels (D:10)
  11 wights
  2 howler monkeys
  4 crimson imps (D:4)
  A bullfrog zombie (D:6)
  3 centaur zombies
  A bullfrog skeleton (D:5)
  13 orc priests
  2 centaur skeletons
  2 jellies
  2 gnoll shamans
  An iguana (D:4)
  15 orc wizards
  3 killer bee zombies
  3 howler monkey zombies
  8 adders
  A howler monkey skeleton (D:7)
  6 gnolls
  A white imp (D:5)
  An ufetubus (D:5)
  4 worms
  An adder skeleton (D:4)
  3 dart slugs
  51 orcs
  6 ball pythons
  4 bats
  10 endoplasms
  5 giant cockroaches
  4 goblins
  6 hobgoblins
  5 quokkas
  3 frilled lizards
  18 kobolds
  A rat (D:3)
346 creatures vanquished.

Vanquished Creatures (others)
  A wraith (D:7)
  A kobold brigand (D:6)
  4 orcs
  A kobold (D:9)
  8 fungi
  12 plants
27 creatures vanquished.

Grand Total: 373 creatures vanquished

Notes
Turn   | Place    | Note
-------+----------+-------------------------------------------
     0 | D:1      | Peloso the Minotaur Fighter began the quest for the Orb.
     0 | D:1      | Reached XP level 1. HP: 19/19 MP: 0/0
   221 | D:1      | Reached XP level 2. HP: 25/27 MP: 1/1
   533 | D:1      | Found a faded altar of an unknown god.
   533 | D:1      | Noticed an eye of devastation
   537 | D:1      | Noticed a great orb of eyes
   542 | D:1      | Noticed a great orb of eyes
   542 | D:1      | Noticed a great orb of eyes
   547 | D:1      | Reached XP level 3. HP: 33/33 MP: 2/2
   812 | D:2      | Reached skill level 4 in Shields
  1565 | D:3      | Reached XP level 4. HP: 36/41 MP: 3/3
  1797 | D:3      | Found an ancient bone altar of Kikubaaqudgha.
  2687 | D:4      | Reached XP level 5. HP: 44/47 MP: 4/4
  2803 | D:4      | Reached skill level 5 in Fighting
  2808 | D:4      | Reached skill level 5 in Armour
  3058 | D:4      | Found a shimmering altar of Xom.
  3073 | D:4      | Reached skill level 5 in Shields
  3073 | D:4      | Reached XP level 6. HP: 56/56 MP: 5/5
  3236 | D:4      | Noticed Pikel
  3255 | D:4      | Killed Pikel
  3256 | D:4      | Reached skill level 6 in Shields
  3256 | D:4      | Reached XP level 7. HP: 50/62 MP: 6/6
  3520 | D:5      | Entered Level 5 of the Dungeon
  3634 | D:5      | Reached XP level 8. HP: 67/70 MP: 7/7
  3750 | D:5      | Reached skill level 1 in Dodging
  4145 | D:5      | Found a staircase to the Ecumenical Temple.
  4156 | Temple   | Entered the Ecumenical Temple
  4257 | Temple   | Became a worshipper of Warmaster Okawaru
  4285 | D:5      | Identified the +4 leather armour of Okawaru's Hope {Rampage
                  | Dex+4}
  4301 | D:5      | Found a shadowy altar of Dithmenos.
  4727 | D:6      | Reached skill level 7 in Shields
  4739 | D:6      | Noticed Prince Ribbit
  4747 | D:6      | Killed Prince Ribbit
  4747 | D:6      | Reached * piety under Okawaru
  4777 | D:6      | Identified the +0 ring mail of Optimism {Drain rElec rC+++
                  | Int-4}
  4798 | D:5      | Reached skill level 1 in Evocations
  4973 | D:6      | Reached XP level 9. HP: 64/79 MP: 4/8
  5884 | D:7      | Reached skill level 8 in Shields
  5910 | D:7      | Found a burning altar of Makhleb.
  5991 | D:7      | Found a flagged portal.
  5999 | Bailey   | Entered a bailey
  6448 | Bailey   | Reached skill level 9 in Shields
  6713 | Bailey   | Reached skill level 1 in Invocations
  6739 | Bailey   | Reached ** piety under Okawaru
  7014 | Bailey   | Reached skill level 10 in Shields
  7014 | Bailey   | Reached XP level 10. HP: 26/88 MP: 9/9
  7382 | Bailey   | Reached skill level 10 in Long Blades
  7836 | D:7      | Noticed a two-headed ogre
  7841 | D:7      | Killed a two-headed ogre
  7841 | D:7      | Reached *** piety under Okawaru
  7852 | D:8      | Noticed an elephant
  7852 | D:8      | Found a staircase to the Lair.
  7873 | D:7      | Killed an elephant
  7980 | D:7      | Reached skill level 11 in Shields
  8065 | D:8      | Identified the +10 trident "Arerec" {vorpal, rF- Str+7
                  | Int+5}
  9021 | D:9      | Found a radiant altar of Vehumet.
  9582 | D:9      | Reached **** piety under Okawaru
  9610 | D:9      | Noticed a deep elf pyromancer
  9621 | D:9      | Noticed a boulder beetle
  9626 | D:9      | Noticed a red ugly thing
  9636 | D:9      | Identified the +0 robe of Wasted Space {rElec Int-4 Slay+5
                  | Stlth-}
  9636 | D:9      | Noticed a centaur warrior
  9641 | D:9      | Noticed a two-headed ogre
  9793 | D:9      | Noticed a glowing orange brain
  9922 | D:10     | Entered Level 10 of the Dungeon
 10174 | D:10     | Noticed an ogre mage
 10185 | D:10     | Reached XP level 11. HP: 89/97 MP: 11/11
 10431 | D:10     | HP: 2/97 [acid dragon (7)]
 10704 | D:11     | Noticed a centaur warrior
 10738 | D:10     | Reached skill level 12 in Shields
 11335 | D:11     | Killed a centaur warrior
 11335 | D:11     | Reached ***** piety under Okawaru
 11612 | D:10     | Reached skill level 1 in Unarmed Combat
 12011 | D:10     | Noticed an orc knight
 12012 | D:10     | Found a staircase to the Orcish Mines.
 12027 | D:10     | Killed an orc knight
 12028 | D:10     | Reached skill level 10 in Armour
 12197 | D:10     | Noticed a two-headed ogre
 12222 | D:10     | Reached skill level 10 in Fighting
 12225 | D:10     | Killed a two-headed ogre
 12227 | D:10     | Killed an ogre mage
 12228 | D:10     | Reached skill level 13 in Shields
 12660 | D:10     | Identified the ring "Oduses" {MP+9 Str+2 Dex+3}
 12838 | D:10     | Received a gift from Okawaru
 12989 | D:11     | Noticed Harold
 13000 | D:11     | Killed Harold
 13022 | D:11     | Reached XP level 12. HP: 80/107 MP: 12/12
 13196 | D:11     | Noticed Snorg
 13214 | D:11     | Killed Snorg
 13324 | D:11     | Reached skill level 1 in Stealth
 13400 | D:11     | Noticed a two-headed ogre
 13415 | D:11     | Killed a two-headed ogre
 13643 | D:11     | Noticed Maurice
 13691 | D:11     | Killed Maurice
 13926 | D:11     | Noticed a boulder beetle
 13931 | D:11     | a boulder beetle changed into a glowing orange brain
 13939 | D:11     | Reached skill level 14 in Shields
 14406 | D:7      | Found a blossoming altar of Fedhas.
 14641 | D:7      | Noticed a two-headed ogre
 14657 | D:7      | Killed a two-headed ogre
 14668 | D:7      | Identified the ring "Uppini Qel" {rPois rF++ rC+ Dex+6
                  | Slay-2}
 14679 | D:7      | Identified the +0 troll leather armour "Jaeqeud" {rC- rN++
                  | Regen+ Dex+6}
 14834 | D:7      | Noticed Joseph
 14844 | D:7      | Killed Joseph
 15214 | Lair:1   | Entered Level 1 of the Lair of Beasts
 16560 | Lair:2   | Identified the +2 hat of Okawaru's Regard {Dex+3} (Okawaru
                  | gifted it to you on level 2 of the Lair of Beasts)
 16560 | Lair:2   | Received a gift from Okawaru
 16569 | Lair:2   | Reached skill level 15 in Shields
 17056 | Lair:2   | Reached XP level 13. HP: 109/116 MP: 14/14
 17433 | Lair:3   | Found a gate leading to a gauntlet.
 17438 | Gauntlet | Entered a Gauntlet
 17438 | Gauntlet | Found a transporter.
 17438 | Gauntlet | Found a transporter.
 17445 | Gauntlet | Found a transporter.
 17454 | Gauntlet | Found a transporter.
 17462 | Gauntlet | Found a transporter.
 17468 | Gauntlet | Found a transporter.
 17469 | Gauntlet | Found a transporter.
 17476 | Gauntlet | Found a transporter.
 17499 | Gauntlet | Found a transporter.
 17608 | Gauntlet | Found a transporter.
 17612 | Gauntlet | Found a transporter.
 17626 | Gauntlet | Found a transporter.
 17982 | Gauntlet | Identified the ring of Opsips {rC+ SInv}
 18189 | Gauntlet | HP: 4/116 [molten gargoyle/bolt of magma (6)]
 18194 | Gauntlet | HP: 3/116 [gargoyle/+0 flail (3)]
 18195 | Gauntlet | Mangled by a gargoyle

Illustrated notes

Levels and vault maps discovered:
D:1:      dpeg_arrival_three_bigger_balls, layout_basic,
          hellmonk_ecumenical_altar_watching_god, hangedman_decor_growths
D:2:      layout_loops_ring, minmay_3d_cube
D:3:      layout_loops_ring, mainiacjoe_overflow_alcove_4
D:4:      layout_loops_ring, led_xom_imps, uniq_pikel
D:5:      layout_basic, mainiacjoe_overflow_paths, minmay_temple_entry_grid
D:6:      layout_basic, dk_noncrumbling_2, uniq_prince_ribbit1
D:7:      minmay_the_grid_triangle_9x9_recursive_2
          [minmay_the_grid_triangle_9x9_prize_schism,
          minmay_the_grid_triangle_9x9_limited_checkers,
          minmay_the_grid_triangle_9x9_longest,
          minmay_the_grid_triangle_9x9_windchime], layout_loops_cross,
          mainiacjoe_overflow_chevrons, mainiacjoe_overflow_tiny_flanked,
          enter_bailey_2, nicolae_figureground_sparkle, uniq_joseph
D:8:      layout_rooms, david_lair_generic
D:9:      layout_layer_cave, vehumet_crystals, minivault_12
D:10:     minmay_clustersquares, layout_long_grid, erik_orc_2,
          minmay_beelzebubs_servants
D:11:     layout_stronghold, serial_column_ruins, column_ruins_square_medium,
          column_ruins_corridor_straight, column_ruins_grid_1,
          column_ruins_columns_straight, column_ruins_open_tiny,
          column_ruins_corridor_corner, column_ruins_columns_water,
          column_ruins_open_small, corexii_hall_statues_t,
          serial_bayou_crossing, uniq_snorg, uniq_maurice, uniq_harold
Temple:   nicolae_temple_elliptical
Lair:1:   layout_cave_pods
Lair:2:   layout_loops_ring
Lair:3:   layout_gridlike, gauntlet_entry_generic, minmay_shattered_shrine
Gauntlet: gammafunk_gauntlet_shortcut [nicolae_gauntlet_arena_x,
          gammafunk_gauntlet_arena_open, gammafunk_gauntlet_arena_split_x,
          gammafunk_gauntlet_arena_split_diamond,
          gammafunk_gauntlet_arena_spirals,
          gammafunk_gauntlet_arena_arrow_garden,
          dreamdust_gauntlet_exit_labyrinth]

Skill      XL: |  1  2  3  4  5  6  7  8  9 10 11 12 |
---------------+-------------------------------------+-----
Fighting       | 4 5 6 7 8 9 10 11 | 11.3
Armour         | 4 5 6 7 8 9 10 11 | 11.7
Shields        | 4 5 6 7 10 11 13 15 | 15.5
Long Blades    | 3 6 8 9 11 12 14 | 14.4
Dodging        | 1 2 |  2.9
Evocations     | 1 2 |  2.2
Invocations    | 1 2 3 |  3.1
Unarmed Combat | 1 |  1.0
Stealth        | 1 |  1.5

Action                   |  1- 3 |  4- 6 |  7- 9 | 10-12 | 13-15 || total
-------------------------+-------+-------+-------+-------+-------++-------
Melee: Long sword        |    83 |   121 |   264 |   437 |    21 ||   926
       Headbutt          |    12 |    20 |    48 |   140 |     6 ||   226
       Scimitar          |       |       |       |   217 |       ||   217
       Unarmed           |       |       |       |     8 |       ||     8
Invok: Heroism           |       |       |    14 |    33 |     4 ||    51
Evoke: Wand              |       |       |    13 |    15 |     3 ||    31
  Use: Scroll            |     4 |       |     5 |     6 |     5 ||    20
       Potion            |       |     1 |     4 |     5 |     6 ||    16
Armor: Scale mail        |    12 |       |       |       |       ||    12
       Chain mail        |    30 |    88 |   109 |       |       ||   227
       Plate armour      |       |       |    24 |   320 |    10 ||   354
Dodge: Dodged            |    28 |    40 |    83 |   135 |     3 ||   289
Block: Buckler           |    12 |    22 |       |       |       ||    34
       Kite shield       |       |    33 |   304 |   647 |    19 ||  1003
       Reflection        |       |       |     3 |    37 |     2 ||    42
